 Dungeon Crawl Stone Soup version 0.26-a0-639-g72c4674329 (webtiles) character file.

Game seed: 15394707520114921999

123 Lanoc the Caller (level 4, -6/24 HPs)
             Began as a Deep Elf Summoner on Sept 19, 2020.
             Was an Initiate of Ru.
             Mangled by an ogre
             ... wielding a +0 giant spiked club
              (29 damage)
             ... on level 4 of the Dungeon.
             The game lasted 00:04:49 (3264 turns).

Lanoc the Caller (Deep Elf Summoner)                Turns: 3264, Time: 00:04:50

Health: -6/24      AC:  2    Str:  5    XL:     4   Next: 79%
Magic:  4/10       EV: 14    Int: 21    God:    Ru [......]
Gold:   142        SH:  0    Dex: 15    Spells: 3/9 levels left

rFire    . . .     SeeInvis .   f - +0 short sword (venom)
rCold    . . .     Faith    .   (no shield)
rNeg     . . .     Spirit   .   a - +0 robe
rPois    .         Reflect  .   (no helmet)
rElec    .         Harm     .   (no cloak)
rCorr    .         Rampage  .   (no gloves)
MR       .....                  (no boots)
Stlth    ++........             (no amulet)
HPRegen  0.08/turn              h - ring of wizardry
MPRegen  0.12/turn              (no ring)

@: no status effects
A: no striking features
a: Sacrifice Resistance, Sacrifice an Eye, Sacrifice Health, Reject Sacrifices,
Renounce Religion


You were on level 4 of the Dungeon.
You worshipped Ru.
Ru was noncommittal.
You visited 1 branch of the dungeon, and saw 4 of its levels.

You collected 142 gold pieces.

Inventory:

Hand Weapons
 f - a +0 short sword of venom (weapon)
Armour
 a - a +0 robe (worn)
Jewellery
 h - a ring of wizardry (left hand)
Scrolls
 b - 2 scrolls of blinking {unknown}
 c - a scroll of enchant armour {unknown}
 d - 2 scrolls of fog {unknown}
 e - 2 scrolls of remove curse {unknown}
 g - a scroll of teleportation {unknown}
Potions
 i - a potion of curing


   Skills:
 + Level 4.0 Dodging
 - Level 2.4 Stealth
 - Level 3.0 Spellcasting
 * Level 6.1 Summonings


You had 3 spell levels left.
You knew the following spells:

 Your Spells              Type           Power        Failure   Level
a - Summon Small Mammal   Summ           ####         1%          1
b - Call Imp              Summ           ####....     1%          2
c - Call Canine Familiar  Summ           ####....     1%          3

Your spell library contained the following spells:

 Spells                   Type           Power        Failure   Level
 Summon Guardian Golem    Hex/Summ       ###.....     4%          3
 Summon Ice Beast         Ice/Summ       ###.....     16%         4
 Summon Lightning Spire   Summ/Air       ###.....     16%         4


Dungeon Overview and Level Annotations

Branches:
Dungeon (4/15)
 Temple: D:4-7

Altars:
Cheibriados
Ru

Annotations:
D:4 1 transporter, Flugslaktarn's ghost, amateur MiFi


Message History

The hound misses your crimson imp.
Your hound bites the ogre.
The hound misses your crimson imp.
The ogre hits your crimson imp with a +0 giant spiked club!
Your crimson imp dies!
Your hound bites the hound.
The hound closely misses your hound.
Your hound barely misses the hound.
Your crimson imp blinks!
Your crimson imp hits the ogre.
Your hound bites the hound.
The ogre misses your hound. The ogre barely misses you.
Your crimson imp blinks!
You hit the ogre.
The ogre is moderately wounded.
Your hound misses the hound. The hound closely misses you.
Your hound bites the hound but does no damage.
The hound bites you.
Your hound bites the hound.
The ogre hits you with a +0 giant spiked club!!
Ouch! That really hurt!
You die...

......... #.###.##
# .######## #.# #.#
# .# #.# #.# # ##
#.# #.# # # #.# #.#
## # ###########
#.# #.# #. #
......hh..# #.# #.
...5w.OO..# #.#
####. #######
..##..##@## ###.##
..### .....[# ##
#..## #....# #.#
#####.#
#..8######.# #.#
#####.##
##.......'.# #.#
...#h#h#
#5.....)### #.#
##..####
#..8###########.###
####.#.# #..##
#.....)...... #
##.## ##+#
#.#######.### # #.#
#.# #.#


You could see 2 ogres, a worm, a hound, a friendly hound (summoned) and 2
friendly crimson imps.

Vanquished Creatures
  An adder (D:3)
  An ufetubus (D:4)
  A dart slug (D:3)
  An orc (D:4)
  3 goblins (D:3)
  A jackal (D:3)
  2 bats (D:3)
  2 frilled lizards (D:4)
  A kobold (D:3)
  A leopard gecko skeleton (D:4)
14 creatures vanquished.

Vanquished Creatures (collateral kills)
  A bullfrog skeleton (D:4)
  An orc wizard (D:3)
  2 worker ants (D:4)
  4 adders (D:3)
  3 worms (D:3)
  A leopard gecko (D:3)
  3 orcs
  2 bats
  3 giant cockroaches
  A goblin (D:3)
  A hobgoblin (D:3)
  3 jackals (D:3)
  3 kobolds (D:3)
  A ball python (D:3)
  2 rats (D:3)
31 creatures vanquished.

Grand Total: 45 creatures vanquished

Notes
Turn   | Place    | Note
-------+----------+-------------------------------------------
     0 | D:1      | Lanoc the Deep Elf Summoner began the quest for the Orb.
     0 | D:1      | Reached XP level 1. HP: 10/10 MP: 6/6
   350 | D:2      | Found a snail-covered altar of Cheibriados.
   440 | D:2      | Found a faded altar of an unknown god.
   467 | D:2      | Became a worshipper of Ru the Awakened
   511 | D:2      | You fall into a shaft and drop 2 floors!
   739 | D:3      | Reached XP level 2. HP: 14/15 MP: 4/8
   743 | D:3      | Learned a level 2 spell: Call Imp
   970 | D:3      | Reached skill level 5 in Summonings
  1202 | D:3      | Reached XP level 3. HP: 16/19 MP: 2/9
  1272 | D:3      | Learned a level 3 spell: Call Canine Familiar
  1462 | D:3      | Found a sacrificial altar of Ru.
  1707 | D:3      | Reached XP level 4. HP: 7/24 MP: 6/10
  2537 | D:4      | Noticed Flugslaktarn's ghost (amateur MiFi)
  2538 | D:4      | Found a transporter.
  2845 | D:4      | Reached skill level 6 in Summonings
  3254 | D:4      | Noticed an ogre
  3255 | D:4      | Noticed an ogre
  3264 | D:4      | Mangled by an ogre

Illustrated notes

Levels and vault maps discovered:
D:1:      zaba_arrival_water, layout_basic, chequers_serial_rivers_room_b
D:2:      layout_basic, lemuel_crystal_altar, cheibriados_altar_1,
          chequers_ecumenical_altar_simple_redux, minmay_misc_feat_nine_boxes
D:3:      layout_basic, marbit_many_paths, minmay_hedge_maze,
          kennysheep_generic_room_15
D:4:      minmay_chambers_of_twos, layout_loops_ring, gammafunk_ghost_mausoleum

Skill      XL: |  1  2  3  4 |
---------------+-------------+-----
Dodging        | 3 4 |  4.0
Summonings     | 5 6 |  6.1
Stealth        | |  2.4
Spellcasting   | |  3.0

Action                   |  1- 3 |  4- 6 || total
-------------------------+-------+-------++-------
Melee: Unarmed           |    88 |       ||    88
       Short sword       |     4 |    39 ||    43
 Cast: Summon Small Mamm |    31 |       ||    31
       Call Imp          |    13 |     8 ||    21
       Call Canine Famil |     2 |     5 ||     7
  Use: Potion            |     1 |       ||     1
 Stab: Distracted        |     1 |       ||     1
       Sleeping          |     1 |     4 ||     5
Armor: Robe              |    17 |     6 ||    23
Dodge: Dodged            |    92 |    41 ||   133

Table legend: (Time is in decaauts)
 A = Elapsed time spent in this place.
 B = Non-inter-level travel time spent in this place.
 C = Inter-level travel time spent in this place.
 D = Time resting spent in this place.
 E = Time spent auto-exploring this place.
 F = Levels seen in this place.
 G = Mean time per level.
                   A        B        C        D        E       F      G
               +--------+--------+--------+--------+--------+-----+--------+
         Total |   3274 |   3256 |     18 |    250 |   2498 |   4 |  818.5 |
       Dungeon |   3274 |   3256 |     18 |    250 |   2498 |   4 |  818.5 |
               +--------+--------+--------+--------+--------+-----+--------+

Top non-repeatable levels by time:
     D:3: 1997 daAuts
     D:4: 802 daAuts
     D:1: 301 daAuts
     D:2: 173 daAuts
